 Dungeon Crawl Stone Soup version 0.25.1-2-g60ff931df9 (webtiles) character file.

Game seed: 10206222191688211236

149 Camoybot the Skirmisher (level 5, -1/42 HPs)
             Began as a Demonspawn Abyssal Knight on Oct 9, 2020.
             Was a Follower of Lugonu.
             Killed by divine providence
             ... invoked by an orc priest
              (15 damage)
             ... on level 3 of the Dungeon.
             The game lasted 00:10:26 (3110 turns).

Camoybot the Skirmisher (Demonspawn Abyssal Knight) Turns: 3110, Time: 00:10:27

Health: -1/42      AC:  5    Str: 19    XL:     5   Next: 9%
Magic:  7/7        EV: 12    Int: 14    God:    Lugonu [*.....]
Gold:   167        SH:  0    Dex: 12    Spells: 4/4 levels left

rFire    + . .     SeeInvis .   a - +1 falchion
rCold    . . .     Gourm    .   (no shield)
rNeg     . . .     Faith    .   d - +1 robe of Beastly Mirth {rPois MR+}
rPois    +         Spirit   .   (helmet restricted)
rElec    .         Reflect  .   (no cloak)
rCorr    .         Harm     .   (no gloves)
MR       +....                  (no boots)
Stlth    +.........             (no amulet)
HPRegen  0.14/turn              w - +6 ring of strength
MPRegen  0.10/turn              (no ring)

@: mighty
A: antennae 1, iridescent scales 1, fire resistance 1, powered by pain 1
a: Depart the Abyss, Renounce Religion


You were on level 3 of the Dungeon.
You worshipped Lugonu.
Lugonu was aware of your devotion.
You were very hungry.

You visited 1 branch of the dungeon, and saw 3 of its levels.
You visited the Abyss 1 time.

You collected 167 gold pieces.

Inventory:

Hand Weapons
 a - a +1 falchion (weapon)
 u - a +0 vampiric dagger
Missiles
 m - 38 stones (quivered)
Armour
 b - a +0 leather armour
 d - the +1 robe of Beastly Mirth (worn) {rPois MR+}
   (You found it on level 2 of the Abyss)

   It protects you from poison.
   It affects your resistance to hostile enchantments.
 h - a +0 leather armour
 r - a +0 helmet
Jewellery
 w - a +6 ring of strength (left hand)
Scrolls
 j - 4 scrolls of identify
 k - a scroll of magic mapping {unknown}
 n - 2 scrolls of teleportation {unknown}
 q - a scroll of blinking {unknown}
 t - a scroll of enchant armour {unknown}
Potions
 e - a potion of berserk rage {unknown}
 f - a potion of lignification {unknown}
 g - 2 potions of stabbing {unknown}
 i - a potion of haste {unknown}
 l - a potion of flight {unknown}
 o - a potion of cancellation {unknown}
 p - a potion of magic {unknown}
 s - a potion of mutation {unknown}
Comestibles
 c - 4 rations
 v - 4 chunks of flesh


   Skills:
 + Level 4.1 Fighting
 + Level 3.5 Long Blades
 + Level 1.8 Armour
 + Level 1.3 Dodging
 + Level 0.6 Stealth
 + Level 2.9 Invocations


You had 4 spell levels left.
You didn't know any spells.
Your spell library was empty.

Dungeon Overview and Level Annotations

Branches:
Dungeon (3/15)

Altars:


Innate Abilities, Weirdness & Mutations

You have a pair of small antennae on your head.
You are partially covered in iridescent scales. (AC +2)
Your flesh is heat resistant. (rF+)
You sometimes gain a little power by taking damage.


Message History

Okay, then.
You hit the orc.
The orc is almost dead.
The orc hits you. x2
You slash the orc!
You kill the orc!
Lugonu accepts your kill. The orc hits you.
You completely miss the orc. The orc hits you but does no damage.
You slash the orc!
You kill the orc!
Lugonu accepts your kill. The orc barely misses you. The orc misses you.
You barely miss the orc. The orc barely misses you.
You slash the orc priest!
The orc priest is almost dead.
The orc priest calls down the wrath of Beogh upon you.
Beogh smites you!
You die...

##.. ##... .......
##..<. ....... .
##....# .......
.....#.....# .......
......#.....##.......
............#........
............#.o."....
#.....##..[.@o......
#..............###..
#..............#
#..............#.
#...................
#####(..............
#.............#
##.............#
#..............####


You could see an orc priest and an orc.

Vanquished Creatures
  An orc priest (D:3)
  An orc wizard (D:2)
  An adder (D:2)
  An ooze (D:1)
  3 worms (D:2)
  3 dart slugs
  8 orcs
  4 bats
  3 giant cockroaches
  4 hobgoblins
  7 jackals (D:2)
  7 kobolds
  A quokka (D:2)
  2 frilled lizards (D:1)
  2 goblins
  3 rats
51 creatures vanquished.

Notes
Turn   | Place    | Note
-------+----------+-------------------------------------------
     0 | Abyss:1  | Camoybot the Demonspawn Abyssal Knight began the quest for
                  | the Orb.
     0 | Abyss:1  | Reached XP level 1. HP: 18/18 MP: 2/2
    24 | Abyss:2  | Got a twisted robe
    44 | Abyss:2  | Found a basalt altar of Yredelemnul.
    74 | Abyss:2  | Noticed a raiju
    75 | Abyss:2  | Noticed a quasit
    76 | D:1      | Escaped the Abyss
    87 | D:1      | Identified the cursed +1 robe of Beastly Mirth {rPois MR+}
                  | (You found it on level 2 of the Abyss)
   206 | D:1      | Gained mutation: You sometimes gain a little power by
                  | taking damage. [demonic ancestry]
   206 | D:1      | Reached XP level 2. HP: 22/24 MP: 3/3
  1484 | D:2      | Gained mutation: You are partially covered in iridescent
                  | scales. (AC +2) [demonic ancestry]
  1484 | D:2      | Reached XP level 3. HP: 21/30 MP: 5/5
  1588 | D:2      | Reached * piety under Lugonu
  1878 | D:2      | Reached skill level 1 in Dodging
  2228 | D:2      | Gained mutation: You have a pair of small antennae on your
                  | head. [demonic ancestry]
  2228 | D:2      | Reached XP level 4. HP: 26/37 MP: 6/6
  3074 | D:3      | Reached skill level 4 in Fighting
  3074 | D:3      | Gained mutation: Your flesh is heat resistant. (rF+)
                  | [demonic ancestry]
  3074 | D:3      | Reached XP level 5. HP: 15/42 MP: 7/7
  3110 | D:3      | Killed from afar by an orc priest

Illustrated notes

Levels and vault maps discovered:
D:1:      wander_arrival_abandoned_jail, layout_basic
D:2:      layout_basic, first_ration
D:3:      layout_basic, tso_metal_star

Skill      XL: |  1  2  3  4 |
---------------+-------------+-----
Long Blades    | 2 3 |  3.5
Dodging        | 1 |  1.3
Fighting       | 4 |  4.1
Armour         | |  1.8
Stealth        | |  0.6
Invocations    | |  2.9

Action                   |  1- 3 |  4- 6 || total
-------------------------+-------+-------++-------
Melee: Falchion          |   116 |    31 ||   147
       Dagger            |       |    19 ||    19
Invok: Depart the Abyss  |     1 |       ||     1
  Use: Scroll            |     2 |       ||     2
  Eat: Chunk             |     4 |     2 ||     6
Armor: Robe              |    39 |     7 ||    46
Dodge: Dodged            |    85 |    31 ||   116
       Rpst.: Falchion   |    27 |     2 ||    29
